 Dungeon Crawl Stone Soup version 0.29.1-2-gbd0b4ee654 (webtiles) character file.

Game seed: 8591205631502045270

99 zeram the Covert (level 4, -11/22 HPs)
             Began as a Spriggan Brigand on Oct 29, 2022.
             Mangled by an ice beast (12 damage)
             ... on level 3 of the Dungeon.
             The game lasted 00:04:09 (2600 turns).

zeram the Covert (Spriggan Brigand)                 Turns: 2600, Time: 00:04:10

Health: -11/22     AC:  3    Str:  7    XL:     4   Next: 45%
Magic:  5/5        EV: 17    Int: 14    God:
Gold:   105        SH:  0    Dex: 16    Spells: 3/3 levels left

rFire   . . .      SeeInvis +   a - +2 dagger
rCold   . . .      Faith    .   (no shield)
rNeg    . . .      Spirit   .   b - +0 robe
rPois   .          Reflect  .   (helmet restricted)
rElec   .          Harm     .   c - +0 cloak
rCorr   .          Rampage  .   (gloves unavailable)
Will    .....                   (boots unavailable)
Stlth   ++++......              (no amulet)
HPRegen 0.07/turn               (no ring)
MPRegen 0.09/turn               (no ring)

@: very quick
A: very small, no large weapons, unfitting armour, see invisible, speed 3
a: no special abilities


You were on level 3 of the Dungeon.
You visited 1 branch of the dungeon, and saw 3 of its levels.

You collected 105 gold pieces.

Inventory:

Hand Weapons
 a - a +2 dagger (weapon)
Missiles
 d - 9 poisoned darts (quivered)
 e - 3 curare-tipped darts
 l - 2 throwing nets
Armour
 b - a +0 robe (worn)
 c - a +0 cloak (worn)
Jewellery
 f - a ring of fire
 g - a ring of fire
Scrolls
 h - a scroll of identify
Potions
 i - a potion of attraction {unknown}
 j - 2 potions of resistance


   Skills:
 - Level 1.5 Fighting
 + Level 3.0 Short Blades
 - Level 2.0 Throwing
 + Level 2.2 Dodging
 + Level 8.3 Stealth


You had 3 spell levels left.
You didn't know any spells.
Your spell library was empty.

Dungeon Overview and Level Annotations

Branches:
Dungeon (3/15)

Altars:
Ru


Innate Abilities, Weirdness & Mutations

You are very small and have problems with some larger weapons.
You are too small for most types of armour.
You have supernaturally acute eyesight. (SInv)
You cover ground extremely quickly. (Speed+++)


Message History

Found a stone staircase leading down.
The kobold shouts!
The kobold misses you.
You hit the kobold.
The kobold is heavily wounded.
An ice beast comes into view.
The kobold barely misses you.
You hit the kobold but do no damage.
The kobold is moderately wounded.
The kobold misses you.
You hit the kobold.
You kill the kobold!
You hit the rat.
The rat is severely wounded.
The rat misses you.
You hit the rat.
You kill the rat!
Your Short Blades skill increases to level 3!
Found 3 stones.
The ice beast hits you. The ice beast freezes you.
You hit the ice beast.
The ice beast is lightly wounded.
The ice beast misses you.
You hit the ice beast.
The ice beast is moderately wounded.
The ice beast barely misses you.
Unknown command.
You hit the ice beast but do no damage.
The ice beast is moderately wounded.
You hit the ice beast.
The ice beast is moderately wounded.
The ice beast hits you. The ice beast freezes you.
* * * LOW HITPOINT WARNING * * *
You closely miss the ice beast.
The ice beast is moderately wounded.
The ice beast hits you.
* * * LOW HITPOINT WARNING * * *
The ice beast freezes you!
Ouch! That really hurt!
You die...

.#.#.#.).#. #####.##. ..
#.##.##. #.....(....#.
#.......
##..........#.#.####.###
........<...#.#.........
8.....8.#.....######.###
........................
....>.Y.#..........#####
....$..@#.........##
........#.........#
......†...........#
8.....8)..........#
..................#
##....#....$......#
......#..........##
###...#..........#
#.............!#


You could see an ice beast.

Vanquished Creatures
  4 adders
  A worm (D:2)
  2 dart slugs
  5 orcs (D:3)
  4 ball pythons
  3 bats
  8 endoplasms
  4 goblins
  3 hobgoblins
  3 kobolds
  5 quokkas
  A frilled lizard (D:3)
  5 rats
48 creatures vanquished.

Notes
Turn   | Place    | Note
-------+----------+-------------------------------------------
     0 | D:1      | zeram the Spriggan Brigand began the quest for the Orb.
     0 | D:1      | Reached XP level 1. HP: 10/10 MP: 2/2
    15 | D:1      | Reached skill level 6 in Stealth
   300 | D:1      | Reached XP level 2. HP: 14/14 MP: 3/3
   803 | D:2      | Reached skill level 7 in Stealth
   891 | D:2      | Reached XP level 3. HP: 11/18 MP: 4/4
  2258 | D:3      | Reached skill level 8 in Stealth
  2258 | D:3      | Reached XP level 4. HP: 22/22 MP: 5/5
  2550 | D:3      | Found a sacrificial altar of Ru.
  2588 | D:3      | Noticed an ice beast
  2600 | D:3      | HP: 1/22 [ice beast (3)]
  2600 | D:3      | Mangled by an ice beast

Illustrated notes

Levels and vault maps discovered:
D:1:      dpeg_arrival_morbid_curiosity, layout_basic
D:2:      layout_loops_ring, roderic_roman_lattice, minmay_puff
D:3:      layout_basic, nicolae_ru_sacrificial_ziggurat, st_stairs_1

Skill      XL: |  1  2  3  4 |
---------------+-------------+-----
Stealth        | 6 7 8 |  8.3
Dodging        | 2 |  2.2
Short Blades   | 3 |  3.0
Fighting       | |  1.5
Throwing       | |  2.0

Action                   |  1- 3 |  4- 6 || total
-------------------------+-------+-------++-------
Melee: Dagger            |   100 |    35 ||   135
Throw: Dart              |     7 |       ||     7
  Use: Potion            |     3 |       ||     3
       Scroll            |     2 |       ||     2
 Stab: Sleeping          |    13 |     3 ||    16
       Invisible         |     1 |       ||     1
Armor: Robe              |    13 |     2 ||    15
       Skin              |     6 |       ||     6
Dodge: Dodged            |    73 |    20 ||    93
